 Dungeon Crawl Stone Soup version 0.30-a0-1114-gd936c97349 (webtiles) character file.

Game seed: 13781990865522836347

63 retardedninja the Firebug (level 4, -2/35 HPs)
             Began as a Gnoll Fire Elementalist on Apr 20, 2023.
             Slain by a cerulean imp
             ... wielding a +0 spear
             ... summoned by Natasha
              (5 damage)
             ... on level 2 of the Dungeon.
             The game lasted 00:03:54 (1633 turns).

retardedninja the Firebug (Gnoll Fire Elementalist) Turns: 1633, Time: 00:03:54

Health: -2/35      AC:  6    Str:  7    XL:     4   Next: 10%
Magic:  1/11       EV: 13    Int: 17    God:
Gold:   68         SH:  0    Dex: 12    Spells: 10/13 levels left

rFire   . . .      SeeInvis .      - Unarmed
rCold   . . .      Faith    .    (no shield)
rNeg    . . .      Spirit   .    a - +0 robe
rPois   .          Reflect  .    (no helmet)
rElec   +          Rampage  .    h - +0 cloak
rCorr   .                        d - +0 pair of gloves
Will    .....                    (no boots)
Stlth   ++                       (no amulet)
HPRegen 0.25/turn                (no ring)
MPRegen 0.12/turn                (no ring)

@: slowed, very slow
A: fangs 1, strong nose, distributed training, iridescent scales 1, robust 1,
electricity resistance, wild magic 1
a: no special abilities


You were on level 2 of the Dungeon.
You visited 1 branch of the dungeon, and saw 2 of its levels.

You collected 68 gold pieces.

Inventory:

Armour
 a - a +0 robe (worn)
 d - a +0 pair of gloves (worn)
 h - a +0 cloak (worn)
Scrolls
 c - a scroll of noise {unknown}
 g - a scroll of butterflies {unknown}
 i - a scroll of immolation {unknown}
 j - a scroll of identify {unknown}


   Skills:
 + Level 1.1 Fighting
 + Level 1.1 Short Blades
 + Level 1.1 Long Blades
 + Level 1.1 Axes
 + Level 1.1 Maces & Flails
 + Level 1.1 Polearms
 + Level 1.1 Staves
 + Level 1.1 Ranged Weapons
 + Level 1.1 Throwing
 + Level 1.1 Armour
 + Level 4.6 Dodging
 + Level 4.2 Stealth
 + Level 1.1 Shields
 + Level 1.1 Unarmed Combat
 + Level 5.0 Spellcasting
 + Level 2.2 Conjurations
 + Level 0.8 Hexes
 + Level 0.8 Summonings
 + Level 0.8 Necromancy
 + Level 0.8 Translocations
 + Level 0.8 Transmutations
 + Level 5.4 Fire Magic
 + Level 0.8 Ice Magic
 + Level 0.8 Air Magic
 + Level 0.8 Earth Magic
 + Level 0.8 Poison Magic
 + Level 1.2 Invocations
 + Level 1.1 Evocations


You had 10 spell levels left.
You knew the following spells:

 Your Spells              Type           Power      Damage    Failure   Level
a - Foxfire               Conj/Fire      88%        2x1d8     5%          1
b - Scorch                Fire           58%        2d7       4%          2

Your spell library contained the following spells:

 Spells                   Type           Power      Damage    Failure   Level
 Sting                    Tmut/Pois      36%        1d4       14%         1
 Inner Flame              Hex/Fire       19%        N/A       17%         3
 Volatile Blastmotes      Fire/Tloc      38%        2d13      17%         3
 Lesser Beckoning         Tloc           18%        N/A       22%         2
 Poisonous Vapours        Pois/Air       18%        N/A       22%         2
 Flame Wave               Conj/Fire      22%        2d8       36%         4
 Gell's Gravitas          Tloc           9%         N/A       38%         3
 Teleport Other           Tloc           9%         N/A       38%         3
 Olgreb's Toxic Radiance  Pois           9%         N/A       77%         4


Dungeon Overview and Level Annotations

Branches:
Dungeon (2/15)

Altars:

Annotations:
D:2 Natasha


Innate Abilities, Weirdness & Mutations

You have very sharp teeth.
Your uncanny sense of smell can sniff out nearby items.
Your experience applies equally to all skills.
You are partially covered in iridescent scales. (AC +2)
You are robust. (+10% HP)
You are resistant to electric shocks. (rElec)
Your spells are a little harder to cast, but a little more powerful.


Message History

The giant cockroach barely misses you.
The cerulean imp hits you from afar with a +0 spear.
* * * LOW HITPOINT WARNING * * *
Natasha claws you.
* * * LOW HITPOINT WARNING * * *
The kobold shouts!
You feel better.
The cerulean imp disappears in a puff of smoke!
The giant cockroach misses you.
The kobold hits you with a +0 short sword.
* * * LOW HITPOINT WARNING * * *
The cerulean imp closely misses you. Natasha misses you.
The giant cockroach bites you but does no damage.
The kobold hits you with a +0 short sword.
* * * LOW HITPOINT WARNING * * *
The cerulean imp hits you from afar with a +0 spear.
* * * LOW HITPOINT WARNING * * *
It was a potion of mutation.
You feel extremely strange.
You feel yourself wasting away.
You feel your magical essence link to the dungeon's wands.
Iridescent scales grow over part of your body.
Natasha closely misses you.
The giant cockroach bites you but does no damage.
The kobold barely misses you.
The cerulean imp hits you from afar with a +0 spear.
* * * LOW HITPOINT WARNING * * *
Natasha closely misses you.
The giant cockroach bites you but does no damage.
Unknown command.
Okay, then.
Really quaff the potion of mutation?
You feel extremely strange.
You feel healthier.
Your magical essence no longer links to wands of the dungeon.
You feel robust.
You feel less in control of your magic.
You feel insulated. The kobold misses you. The cerulean imp barely misses you.
The giant cockroach bites you but does no damage.
Natasha closely misses you. The kobold barely misses you.
The cerulean imp hits you from afar with a +0 spear.
You die...

############ #..........####
######### ##.#######.....#
#.†)..... .#.# #..##.###.####
...# #..##.##.5.5.#
...#######..##.##h###.# .
##..........†...@.# #.###§...
...#######..##..KB# #55.5....
............#####.....##5....
..#########.# ##..### ####
#.# #..# #.# #..# ..# #..#
.## #... ..


You could see Natasha, a cerulean imp (summoned), a giant cockroach and a
kobold.

Vanquished Creatures
  An adder (D:2)
  2 dart slugs (D:1)
  3 endoplasms (D:1)
  A giant cockroach (D:2)
  8 goblins
  2 hobgoblins
  9 jackals (D:1)
  4 kobolds (D:1)
  3 quokkas (D:1)
  2 ball pythons (D:1)
  3 bats
  A frilled lizard (D:1)
  3 rats
42 creatures vanquished.

Vanquished Creatures (others)
  160 foxfires
160 creatures vanquished.

Grand Total: 202 creatures vanquished

Notes
Turn   | Place    | Note
-------+----------+-------------------------------------------
     0 | D:1      | retardedninja the Gnoll Fire Elementalist began the quest
                  | for the Orb.
     0 | D:1      | Reached XP level 1. HP: 13/13 MP: 6/6
   115 | D:1      | Reached XP level 2. HP: 7/19 MP: 3/7
   532 | D:1      | Reached skill level 5 in Spellcasting
   532 | D:1      | Reached XP level 3. HP: 25/25 MP: 4/9
   977 | D:1      | Reached skill level 1 in Invocations
  1027 | D:1      | Learned a level 2 spell: Scorch
  1179 | D:1      | Reached skill level 1 in Fighting
  1179 | D:1      | Reached skill level 1 in Short Blades
  1179 | D:1      | Reached skill level 1 in Long Blades
  1179 | D:1      | Reached skill level 1 in Axes
  1179 | D:1      | Reached skill level 1 in Maces & Flails
  1179 | D:1      | Reached skill level 1 in Polearms
  1179 | D:1      | Reached skill level 1 in Staves
  1179 | D:1      | Reached skill level 1 in Ranged Weapons
  1179 | D:1      | Reached skill level 1 in Throwing
  1179 | D:1      | Reached skill level 1 in Armour
  1179 | D:1      | Reached skill level 1 in Shields
  1179 | D:1      | Reached skill level 1 in Unarmed Combat
  1179 | D:1      | Reached skill level 1 in Evocations
  1604 | D:2      | Noticed Natasha
  1621 | D:2      | Reached XP level 4. HP: 22/32 MP: 0/11
  1632 | D:2      | Gained mutation: Your body sometimes deteriorates upon
                  | taking damage. [potion of mutation]
  1632 | D:2      | Gained mutation: You expend magic power (3 MP) to
                  | strengthen your wands. [potion of mutation]
  1632 | D:2      | Gained mutation: You are partially covered in iridescent
                  | scales. (AC +2) [potion of mutation]
  1633 | D:2      | Lost mutation: Your body sometimes deteriorates upon taking
                  | damage. [potion of mutation]
  1633 | D:2      | Lost mutation: You expend magic power (3 MP) to strengthen
                  | your wands. [potion of mutation]
  1633 | D:2      | Gained mutation: You are robust. (+10% HP) [potion of
                  | mutation]
  1633 | D:2      | Gained mutation: Your spells are a little harder to cast,
                  | but a little more powerful. [potion of mutation]
  1633 | D:2      | Gained mutation: You are resistant to electric shocks.
                  | (rElec) [potion of mutation]
  1633 | D:2      | Slain by a cerulean imp

Illustrated notes

Levels and vault maps discovered:
D:1:      minmay_arrival_three_doors, layout_rooms, minmay_tetromino_t4
D:2:      layout_loops_ring, serial_glass, glass_columns_a, glass_columns_b,
          glass_columns_a, glass_columns_a, uniq_sigmund, uniq_natasha,
          uniq_robin

Skill      XL: |  1  2  3 |
---------------+----------+-----
Conjurations   | 2 |  2.2
Spellcasting   | 5 |  5.0
Invocations    | 1 |  1.2
Fighting       | 1 |  1.1
Short Blades   | 1 |  1.1
Long Blades    | 1 |  1.1
Axes           | 1 |  1.1
Maces & Flails | 1 |  1.1
Polearms       | 1 |  1.1
Staves         | 1 |  1.1
Ranged Weapons | 1 |  1.1
Throwing       | 1 |  1.1
Armour         | 1 |  1.1
Shields        | 1 |  1.1
Unarmed Combat | 1 |  1.1
Evocations     | 1 |  1.1
Dodging        | |  4.6
Stealth        | |  4.2
Hexes          | |  0.8
Summonings     | |  0.8
Necromancy     | |  0.8
Translocations | |  0.8
Transmutations | |  0.8
Fire Magic     | |  5.4
Ice Magic      | |  0.8
Air Magic      | |  0.8
Earth Magic    | |  0.8
Poison Magic   | |  0.8

Action                     |  1- 3 |  4- 6 || total
---------------------------+-------+-------++-------
  Melee: Unarmed           |    25 |       ||    25
         Punch             |     1 |       ||     1
         Bite              |     2 |       ||     2
   Cast: Foxfire           |   103 |     1 ||   104
         Scorch            |     7 |       ||     7
    Use: Potion            |     1 |     3 ||     4
 Armour: Robe              |    15 |     8 ||    23
  Dodge: Dodged            |    66 |    19 ||    85

Table legend: (Time is in decaauts)
 A = Elapsed time spent in this place.
 B = Non-inter-level travel time spent in this place.
 C = Inter-level travel time spent in this place.
 D = Time resting spent in this place.
 E = Time spent auto-exploring this place.
 F = Levels seen in this place.
 G = Mean time per level.
                   A        B        C        D        E       F      G
               +--------+--------+--------+--------+--------+-----+--------+
         Total |   1637 |   1623 |     14 |      0 |   1260 |   2 |  818.5 |
       Dungeon |   1637 |   1623 |     14 |      0 |   1260 |   2 |  818.5 |
               +--------+--------+--------+--------+--------+-----+--------+

Top non-repeatable levels by time:
     D:1: 1423 daAuts
     D:2: 213 daAuts
